[ AOE2 MATCH · #493676926 ]
UnrankedMaya vs Britons
Player's team · WIN
Rival team · LOSS
[ REPLAY ANALYSIS · EXTRACTED FROM THE RECORDED GAME ]
Feudal
11:10
Castle
15:19
Imperial
—
| APM avg | 31.2 |
| APM peak | 54 |
| eAPM avg | 15.6 |
| Villagers / military | 50 / 47 |
Focus
⚔️ 35.2% · 🌾 64.8%
Eagle Scout ×22 · Scorpion ×8 · Battering Ram ×7 · Mangonel ×6 · Monk ×4
Feudal
10:56
Castle
14:35
Imperial
—
| APM avg | 44.3 |
| APM peak | 84 |
| eAPM avg | 14.9 |
| Villagers / military | 57 / 58 |
Focus
⚔️ 33.0% · 🌾 67.0%
Longbowman ×44 · Mangonel ×12 · Knight ×2
Match map
Initial resources + every placement click. Lines = walls · curves = elevation contours. ◆ gold · ⬟ stone · ● berries · ✦ relic · ◌ wall gap
Your base· Open — unwalled flank
Zen's base· Open — 9t gap
Smoothed initial terrain · ◌ = detected wall gap · hover for details
Inputs per minute
— malibu - - Zen
Build order — malibu
First 150 of 152 actions detected
| 0:00 | Queue | Villager (Male) |
| 0:02 | Build | House |
| 0:03 | Build | House |
| 0:06 | Research | Loom |
| 0:31 | Queue | Villager (Male) ×3 |
| 1:34 | Queue | Villager (Male) |
| 2:09 | Queue | Villager (Male) ×2 |
| 3:03 | Queue | Villager (Male) ×3 |
| 3:40 | Queue | Villager (Male) |
| 4:01 | Queue | Villager (Male) ×2 |
| 4:04 | Build | Lumber Camp |
| 4:10 | Build | House |
| 4:45 | Build | House |
| 4:53 | Queue | Villager (Male) |
| 5:02 | Queue | Villager (Male) |
| 5:21 | Queue | Villager (Male) ×2 |
| 5:53 | Queue | Villager (Male) ×4 |
| 6:15 | Queue | Villager (Male) |
| 6:35 | Build | Mill |
| 8:21 | Queue | Villager (Male) |
| 8:44 | Build | Mining Camp |
| 9:00 | Research | Feudal Age |
| 10:06 | Queue | Villager (Male) |
| 10:25 | Queue | Villager (Male) |
| 11:10 | Age | Feudal Age |
| 11:18 | Build | Blacksmith |
| 11:29 | Build | Market |
| 11:36 | Build | House |
| 11:38 | Build | House |
| 12:39 | Research | Castle Age |
| 12:57 | Research | Double-Bit Axe |
| 13:00 | Research | Horse Collar |
| 13:01 | Queue | Villager (Male) |
| 13:37 | Research | Gold Mining |
| 13:40 | Research | Scale Mail Armor |
| 14:09 | Build | Mill |
| 15:12 | Build | House |
| 15:19 | Age | Castle Age |
| 15:24 | Build | Siege Workshop |
| 15:27 | Queue | Villager (Male) |
| 15:44 | Build | Monastery |
| 15:54 | Queue | Villager (Male) |
| 16:18 | Queue | Mangonel |
| 16:31 | Queue | Villager (Male) |
| 16:36 | Build | Barracks |
| 16:49 | Queue | Monk |
| 16:52 | Queue | Villager (Male) |
| 17:00 | Queue | Villager (Male) |
| 17:05 | Research | Bow Saw |
| 17:26 | Queue | Battering Ram |
| 17:41 | Queue | Villager (Male) |
| 17:55 | Queue | Scorpion |
| 17:59 | Build | House |
| 18:01 | Queue | Villager (Male) |
| 18:06 | Build | House |
| 18:07 | Build | House |
| 18:20 | Queue | Scorpion |
| 18:24 | Build | House |
| 18:49 | Build | University |
| 19:19 | Queue | Scorpion |
| 19:21 | Queue | Eagle Scout |
| 19:38 | Queue | Villager (Male) |
| 19:45 | Queue | Monk |
| 20:13 | Queue | Eagle Scout |
| 20:20 | Build | Barracks |
| 20:22 | Build | House |
| 20:28 | Build | Farm |
| 20:28 | Build | Farm |
| 20:29 | Build | Farm |
| 20:29 | Build | Farm |
| 20:29 | Build | Farm |
| 20:29 | Build | Farm |
| 20:30 | Build | Farm |
| 20:30 | Build | Farm |
| 20:30 | Build | Farm |
| 21:24 | Queue | Monk |
| 21:29 | Queue | Mangonel |
| 21:31 | Queue | Villager (Male) |
| 21:32 | Build | Farm |
| 21:32 | Build | Farm |
| 21:32 | Build | Farm |
| 22:04 | Queue | Villager (Male) |
| 22:06 | Build | House |
| 22:07 | Build | House |
| 22:12 | Research | Ballistics |
| 22:23 | Queue | Villager (Male) |
| 22:38 | Queue | Eagle Scout |
| 22:38 | Queue | Eagle Scout |
| 22:40 | Queue | Scorpion |
| 23:16 | Build | Siege Workshop |
| 23:25 | Queue | Eagle Scout |
| 23:26 | Queue | Eagle Scout |
| 23:40 | Queue | Villager (Male) |
| 23:40 | Queue | Villager (Male) |
| 24:55 | Research | Eagle Warrior (upgrade) |
| 24:56 | Research | Squires |
| 24:57 | Queue | Eagle Scout |
| 24:57 | Queue | Eagle Scout |
| 25:52 | Queue | Scorpion |
| 25:52 | Queue | Scorpion |
| 26:00 | Queue | Eagle Scout |
| 26:00 | Queue | Eagle Scout |
| 26:01 | Queue | Battering Ram |
| 26:01 | Queue | Battering Ram |
| 26:05 | Queue | Mangonel |
| 26:09 | Queue | Villager (Male) |
| 26:09 | Queue | Villager (Male) |
| 26:13 | Build | Lumber Camp |
| 26:17 | Research | Heavy Plow |
| 26:32 | Research | Forging |
| 26:34 | Research | Chain Mail Armor |
| 26:44 | Queue | Eagle Scout |
| 26:45 | Queue | Eagle Scout |
| 27:00 | Queue | Eagle Scout |
| 27:00 | Queue | Eagle Scout |
| 27:02 | Queue | Monk |
| 27:32 | Queue | Mangonel |
| 27:42 | Queue | Eagle Scout |
| 27:42 | Queue | Eagle Scout |
| 27:47 | Queue | Battering Ram |
| 27:49 | Queue | Villager (Male) |
| 27:58 | Queue | Villager (Male) |
| 28:01 | Build | Mining Camp |
| 28:10 | Build | House |
| 28:10 | Build | House |
| 28:11 | Build | House |
| 28:34 | Queue | Scorpion |
| 28:54 | Queue | Scorpion |
| 30:21 | Build | Town Center |
| 30:38 | Queue | Battering Ram |
| 30:41 | Queue | Eagle Scout |
| 30:41 | Queue | Eagle Scout |
| 30:41 | Queue | Eagle Scout |
| 30:42 | Queue | Eagle Scout |
| 30:42 | Queue | Eagle Scout |
| 30:42 | Queue | Eagle Scout |
| 30:46 | Build | Gate |
| 30:48 | Build | House |
| 30:51 | Build | Gate |
| 31:01 | Queue | Villager (Male) |
| 31:35 | Build | Lumber Camp |
| 32:07 | Queue | Villager (Male) |
| 32:11 | Queue | Battering Ram |
| 33:41 | Queue | Villager (Male) |
| 33:42 | Queue | Villager (Male) |
| 34:34 | Build | Mining Camp |
| 34:48 | Queue | Mangonel |
| 34:52 | Queue | Villager (Male) |
| 34:52 | Queue | Villager (Male) |
| 36:04 | Queue | Mangonel |
Build order — Zen
First 150 of 184 actions detected
| 0:00 | Queue | Villager (Male) |
| 0:00 | Queue | Villager (Male) |
| 0:01 | Queue | Villager (Male) |
| 0:01 | Queue | Villager (Male) |
| 0:05 | Build | House |
| 0:24 | Build | House |
| 1:39 | Queue | Villager (Male) |
| 2:20 | Queue | Villager (Male) |
| 2:21 | Queue | Villager (Male) |
| 2:40 | Queue | Villager (Male) |
| 3:31 | Build | Lumber Camp |
| 3:34 | Queue | Villager (Male) |
| 3:39 | Build | House |
| 3:49 | Queue | Villager (Male) |
| 3:50 | Queue | Villager (Male) |
| 3:50 | Queue | Villager (Male) |
| 4:27 | Queue | Villager (Male) |
| 5:18 | Build | House |
| 5:33 | Queue | Villager (Male) |
| 5:33 | Queue | Villager (Male) |
| 6:07 | Queue | Villager (Male) |
| 6:23 | Queue | Villager (Male) |
| 7:05 | Queue | Villager (Male) |
| 7:25 | Build | Mining Camp |
| 7:37 | Build | Mining Camp |
| 7:56 | Queue | Villager (Male) |
| 7:58 | Research | Loom |
| 8:23 | Build | Mill |
| 8:28 | Build | Mill |
| 8:40 | Research | Feudal Age |
| 10:56 | Age | Feudal Age |
| 10:58 | Build | Market |
| 11:06 | Build | Blacksmith |
| 11:18 | Build | House |
| 11:24 | Queue | Villager (Male) |
| 11:24 | Queue | Villager (Male) |
| 11:55 | Research | Castle Age |
| 11:58 | Build | Barracks |
| 12:11 | Build | House |
| 12:15 | Build | Palisade Wall |
| 12:26 | Research | Double-Bit Axe |
| 13:01 | Build | Mining Camp |
| 13:51 | Build | Lumber Camp |
| 14:35 | Age | Castle Age |
| 14:37 | Queue | Villager (Male) |
| 14:37 | Queue | Villager (Male) |
| 14:43 | Research | Bow Saw |
| 14:49 | Build | Farm |
| 14:54 | Queue | Villager (Male) |
| 15:06 | Build | Farm |
| 15:29 | Build | Farm |
| 15:32 | Queue | Villager (Male) |
| 15:56 | Build | Farm |
| 16:15 | Build | House |
| 16:17 | Queue | Villager (Male) |
| 16:19 | Build | Farm |
| 16:32 | Build | Castle |
| 16:50 | Build | Farm |
| 16:56 | Queue | Villager (Male) |
| 16:56 | Queue | Villager (Male) |
| 17:20 | Queue | Villager (Male) |
| 17:42 | Queue | Longbowman |
| 17:43 | Queue | Longbowman |
| 17:43 | Queue | Longbowman |
| 17:50 | Queue | Villager (Male) |
| 17:53 | Build | Farm |
| 18:14 | Queue | Villager (Male) |
| 18:17 | Build | Farm |
| 18:29 | Build | Town Center |
| 18:43 | Queue | Longbowman |
| 18:43 | Queue | Longbowman |
| 18:44 | Queue | Villager (Male) |
| 18:46 | Build | Farm |
| 19:12 | Queue | Villager (Male) |
| 19:15 | Build | Siege Workshop |
| 19:15 | Queue | Villager (Male) |
| 19:19 | Queue | Longbowman |
| 19:19 | Queue | Longbowman |
| 19:29 | Build | Stone Wall |
| 19:35 | Build | Blacksmith |
| 19:58 | Queue | Villager (Male) |
| 20:03 | Queue | Mangonel |
| 20:04 | Queue | Villager (Male) |
| 20:17 | Queue | Longbowman |
| 20:19 | Queue | Villager (Male) |
| 20:42 | Research | Fletching |
| 21:20 | Queue | Longbowman |
| 21:21 | Queue | Villager (Male) |
| 21:21 | Queue | Villager (Male) |
| 21:52 | Queue | Villager (Male) |
| 21:54 | Queue | Longbowman |
| 21:55 | Queue | Longbowman |
| 22:11 | Build | Farm |
| 22:20 | Build | Farm |
| 22:24 | Queue | Villager (Male) |
| 22:38 | Build | Market |
| 22:39 | Queue | Villager (Male) |
| 23:11 | Queue | Mangonel |
| 23:11 | Queue | Mangonel |
| 23:13 | Build | Lumber Camp |
| 23:38 | Research | Bodkin Arrow |
| 23:41 | Queue | Villager (Male) |
| 23:50 | Build | House |
| 23:50 | Build | House |
| 23:50 | Build | House |
| 23:51 | Build | House |
| 23:58 | Queue | Longbowman |
| 23:58 | Queue | Longbowman |
| 24:47 | Queue | Villager (Male) |
| 24:50 | Queue | Mangonel |
| 24:51 | Queue | Longbowman |
| 24:51 | Queue | Longbowman |
| 24:52 | Queue | Longbowman |
| 25:21 | Queue | Villager (Male) |
| 25:21 | Queue | Villager (Male) |
| 25:52 | Queue | Villager (Male) |
| 26:09 | Build | Farm |
| 26:13 | Queue | Villager (Male) |
| 26:40 | Queue | Mangonel |
| 26:40 | Queue | Mangonel |
| 26:43 | Queue | Longbowman |
| 26:44 | Queue | Longbowman |
| 26:56 | Build | Farm |
| 26:58 | Queue | Villager (Male) |
| 26:59 | Queue | Villager (Male) |
| 27:35 | Queue | Villager (Male) |
| 27:35 | Queue | Villager (Male) |
| 27:36 | Queue | Longbowman |
| 27:36 | Queue | Longbowman |
| 27:43 | Build | Farm |
| 27:47 | Queue | Longbowman |
| 27:47 | Queue | Longbowman |
| 27:51 | Queue | Mangonel |
| 28:04 | Build | Farm |
| 28:05 | Queue | Villager (Male) |
| 28:10 | Queue | Longbowman |
| 28:10 | Queue | Longbowman |
| 28:56 | Queue | Villager (Male) |
| 29:03 | Queue | Longbowman |
| 29:03 | Queue | Longbowman |
| 29:03 | Queue | Longbowman |
| 29:08 | Build | Town Center |
| 29:30 | Queue | Villager (Male) |
| 29:46 | Build | House |
| 29:46 | Build | House |
| 29:47 | Build | House |
| 30:24 | Queue | Longbowman |
| 30:24 | Queue | Longbowman |
| 30:24 | Queue | Longbowman |
| 30:25 | Queue | Longbowman |
Match timeline
| 10:56 | Zen · age_up feudal |
| 11:10 | malibu · age_up feudal |
| 11:58 | Zen · first_building Barracks |
| 12:15 | Zen · wall_segment Palisade Wall x5 |
| 13:36 | malibu · first_market_buy 100 wood |
| 14:35 | Zen · age_up castle |
| 15:19 | malibu · age_up castle |
| 15:24 | malibu · first_building Siege Workshop |
| 15:44 | malibu · first_building Monastery |
| 16:32 | Zen · first_building Castle |
| 16:36 | malibu · first_building Barracks |
| 19:15 | Zen · first_building Siege Workshop |
| 19:29 | Zen · wall_segment Stone Wall x4 |
| 19:34 | malibu · first_market_sell 500 stone |
| 26:38 | Zen · first_market_buy 100 wood |
| 34:06 | Zen · first_building Stable |
| 37:21 | Zen · resign |
[ AI ANALYSIS · 1 CREDIT ]
What really happened in this match?
Wolo.gg analyzes every decision: build order, eco, micro, common mistakes by bracket. Personalized analysis on WhatsApp or Discord in 30 seconds.
Civ guide
Maya
Perfil
Jugador #756034